Cogmind - Beta 9.6 @@@ ROGUE MODE // 2020.09.07 @ 15:13:17 Player: Hilbert Result: Destroyed by G-50 Soldier with Heavy Laser Performance ------------- Evolutions (5) 2500 Regions Visited (9) 1800 Robots Destroyed (14) 70 Value Destroyed (493) 493 Prototype IDs (0) 0 Alien Tech Used (0) 0 Bonus (200) 200 TOTAL SCORE: 5063 Bonus ------- Pacifist 200 Cogmind --------- Core Integrity 0/1000 Matter 270/300 Energy 98/100 System Corruption 0% Temperature Cool (9) Movement Core (50) Location -5/Factory Parts ------- > --- POWER (2) -------- (None) > --- PROPULSION (6) --- (None) > --- UTILITY (7) ------ (None) > --- WEAPON (2) ------- (None) > --- INVENTORY (4) ---- Advanced Terrain Scan Processor Beam Rifle Peak State ------------ > --- POWER ------------ Nuclear Core Improved Deuterium Engine > --- PROPULSION ------- Gravmag System Cesium-ion Thruster Cesium-ion Thruster Cesium-ion Thruster Cesium-ion Thruster > --- UTILITY ---------- Small Storage Unit Advanced Signal Interpreter > --- WEAPON ----------- Heavy Hammer > --- INVENTORY -------- Large Storage Unit Advanced Terrain Scan Processor EM Pulse Gun Beam Rifle Heavy Assault Rifle [Rating: 30] Favorites ----------- Power Nuclear Core Engine Light Ion Engine Power Core Nuclear Core Propulsion Cesium-ion Thruster Treads Light Treads Wheel Wheel Hover Unit Linear Gravjet Flight Unit Cesium-ion Thruster Utility Small Storage Unit Device Improved Thermal Converter Storage Small Storage Unit Processor Advanced Signal Interpreter Weapon Heavy Assault Rifle Energy Gun EM Pulse Gun Ballistic Gun Heavy Assault Rifle Impact Weapon Heavy Hammer Build | -11 -10 -10 -9 -8 -7 -6 -6 -6 -5 ------- Run | Scr Mat Min Mat Mat Fac Fac Low Low Fac Slots Evolved 10 | . . . 2 2 2 2 . . 2 Power 1 | . . . . 1 . . . . . Propulsion 4 | . . . 1 1 1 1 . . . Utility 5 | . . . 1 . 1 1 . . 2 Weapon . | . . . . . . . . . . Parts Attached 40 | 6 1 1 6 7 9 2 . 1 7 Power 7 | 1 . . 1 1 1 1 . 1 1 Engine 2 | 1 . . . . 1 . . . . Core 5 | . . . 1 1 . 1 . 1 1 Reactor . | . . . . . . . . . . Propulsion 14 | 2 . . 1 4 2 1 . . 4 Treads 3 | 1 . . 1 . 1 . . . . Leg . | . . . . . . . . . . Wheel 1 | 1 . . . . . . . . . Hover 4 | . . . . . 1 . . . 3 Flight 6 | . . . . 4 . 1 . . 1 Utility 7 | 1 . 1 . 1 3 . . . 1 Device 1 | . . . . . . . . . 1 Storage 4 | 1 . 1 . . 2 . . . . Processor 2 | . . . . 1 1 . . . . Hackware . | . . . . . . . . . . Protection . | . . . . . . . . . . Artifact . | . . . . . . . . . . Weapon 12 | 2 1 . 4 1 3 . . . 1 Energy Gun 6 | 2 . . 2 . 2 . . . . Energy Cannon . | . . . . . . . . . . Ballistic Gun 2 | . 1 . 1 . . . . . . Ballistic Cannon . | . . . . . . . . . . Launcher . | . . . . . . . . . . Special Weapon . | . . . . . . . . . . Impact Weapon 4 | . . . 1 1 1 . . . 1 Slashing Weapon . | . . . . . . . . . . Piercing Weapon . | . . . . . . . . . . Special Melee Weapon . | . . . . . . . . . . Unidentified Prototypes . | . . . . . . . . . . Parts Lost 18 | . . . 4 . 1 2 1 3 7 Power 4 | . . . . . 1 . 1 1 1 Propulsion 10 | . . . 2 . . 2 . 2 4 Utility 1 | . . . . . . . . . 1 Weapon 3 | . . . 2 . . . . . 1 Highest Loss Streak 7 | . . . 1 . 1 1 1 3 7 Average Slot Usage (%) 64 | . 85 89 76 81 70 60 38 14 7 Engine 4 | . 14 14 1 . 3 6 6 2 . Core 6 | . . . 9 18 10 6 4 1 2 Treads 8 | . 14 14 15 . . . . . . Wheel 4 | . 14 14 6 . . . . . . Flight 7 | . . . . 36 30 26 20 7 . Storage 13 | . 14 18 22 18 8 6 . . . Processor 1 | . . . . 9 7 6 6 2 . Energy Gun 6 | . 23 14 8 . 1 . . . . Ballistic Gun 6 | . 4 14 12 . . . . . . Impact Weapon 1 | . . . . . 5 6 . . . Naked Turns 103 | . . . . . . . . 48 55 Heaviest Build 24 | 10 10 13 21 22 24 24 17 17 10 Greatest Support 40 | 20 10 10 40 24 24 31 18 18 32 Greatest Overweight (x) 2 | . . 1 1 . . 1 . 1 2 Average Overweight (x) . | . . . . . . . . . . Largest Inventory Capacity 14 | 6 6 8 8 8 14 6 4 4 4 Average Capacity 6 | 5 6 6 8 8 6 5 4 4 4 Most Carried 8 | 4 5 5 8 8 7 6 4 4 4 Average Carried 5 | 2 4 5 7 5 4 5 4 4 2 Final Capacity 8 | 6 6 8 8 8 6 4 4 4 4 Final Carried 8 | 4 5 5 8 6 6 4 4 4 2 Class Distribution -------------------- 79% | Mutant 20% | Sprinter Dominant Class ---------------- Mutant | -10/Materials Mutant | -10/Mines Mutant | -9/Materials Sprinter | -8/Materials Sprinter | -7/Factory Sprinter | -6/Factory Mutant | -6/Lower Caves Mutant | -6/Lower Caves Mutant | -5/Factory Resources | -11 -10 -10 -9 -8 -7 -6 -6 -6 -5 ----------- Run | Scr Mat Min Mat Mat Fac Fac Low Low Fac Matter Collected 597 | 166 . 33 218 . 77 93 . 10 . Remotely . | . . . . . . . . . . Salvage Created 737 | . . . 609 . . 128 . . . Parts 37 | . . . 33 . . 4 . . . Haulers Intercepted . | . . . . . . . . . . Recyclers Shooed . | . . . . . . . . . . Parts Field Recycled . | . . . . . . . . . . Retrieved Matter . | . . . . . . . . . . Parts Self-Destructed . | . . . . . . . . . . Prevented . | . . . . . . . . . . Kills | -11 -10 -10 -9 -8 -7 -6 -6 -6 -5 ------- Run | Scr Mat Min Mat Mat Fac Fac Low Low Fac Combat Hostiles Destroyed 12 | . . . 12 . . . . . . Guns 12 | . . . 12 . . . . . . Classes Destroyed 5 | . . . 3 . . 2 . . . Builder 1 | . . . . . . 1 . . . Recycler 1 | . . . . . . 1 . . . Grunt 6 | . . . 6 . . . . . . Brawler 1 | . . . 1 . . . . . . Sentry 5 | . . . 5 . . . . . . Best Kill Streak 3 | . . . 3 . . 1 . . . Combat Bots Only 3 | . . . 3 . . . . . . Max Kills in Single Turn 1 | . . . 1 . . 1 . . . Gunslinging . | . . . . . . . . . . Exploded . | . . . . . . . . . . Melee . | . . . . . . . . . . Uniques/NPCs Destroyed . | . . . . . . . . . . Combat | -11 -10 -10 -9 -8 -7 -6 -6 -6 -5 -------- Run | Scr Mat Min Mat Mat Fac Fac Low Low Fac Damage Taken 2794 | . . . 601 86 91 240 106 273 1397 Core 1476 | . . . 90 30 37 48 56 199 1016 Absorbed by Shields 5 | . . . . . 5 . . . . Core Remaining (%) 88 | 100 . 100 77 94 94 . . 64 . Volleys Fired 36 | . . . 36 . . . . . . Largest 2 | . . . 2 . . . . . . Hottest 63 | . . . 63 . . . . . . Shots Fired 66 | . . . 66 . . . . . . Gun 66 | . . . 66 . . . . . . Cannon . | . . . . . . . . . . Launcher . | . . . . . . . . . . Special . | . . . . . . . . . . Kinetic 43 | . . . 43 . . . . . . Thermal 5 | . . . 5 . . . . . . Explosive . | . . . . . . . . . . Electromagnetic 18 | . . . 18 . . . . . . Robot Hit Streak 11 | . . . 11 . . . . . . Robot Miss Streak 1 | . . . 1 . . . . . . Penetration Max . | . . . . . . . . . . Secondary Targets . | . . . . . . . . . . Shots Hit Robots 55 | . . . 53 . . 2 . . . Core Hits 27 | . . . 25 . . 1 . 1 . Critical Hits 1 | . . . 1 . . . . . . Critical Kills . | . . . . . . . . . . Critical Parts Destroyed 1 | . . . 1 . . . . . . Melee Attacks 22 | . . . 3 . 3 14 . . 2 Impact 22 | . . . 3 . 3 14 . . 2 Slashing . | . . . . . . . . . . Piercing . | . . . . . . . . . . Sneak Attacks 2 | . . . . . . 2 . . . Combat Hostiles . | . . . . . . . . . . Follow-up Attacks . | . . . . . . . . . . Damage Inflicted 817 | . . . 619 . . 180 . 10 8 Guns 619 | . . . 619 . . . . . . Cannons . | . . . . . . . . . . Explosions . | . . . . . . . . . . Melee 180 | . . . . . . 180 . . . Ramming 18 | . . . . . . . . 10 8 Kinetic 408 | . . . 408 . . . . . . Thermal 42 | . . . 42 . . . . . . Explosive . | . . . . . . . . . . Electromagnetic 169 | . . . 169 . . . . . . Impact 180 | . . . . . . 180 . . . Slashing . | . . . . . . . . . . Piercing . | . . . . . . . . . . Highest Corruption 1 | . . . 1 . . 1 1 1 . Average Corruption 1 | . . . 1 . . 1 1 1 . Corruption Purged . | . . . . . . . . . . Effects 1 | . . . 1 . . . . . . Targeting Errors 1 | . . . 1 . . . . . . Overload Shots . | . . . . . . . . . . Overflow Damage 60 | . . . . . . 60 . . . Projectiles . | . . . . . . . . . . Explosions . | . . . . . . . . . . Melee 60 | . . . . . . 60 . . . Knockbacks 1 | . . . . . . 1 . . . Impact 1 | . . . . . . 1 . . . Kinetic . | . . . . . . . . . . Secondary . | . . . . . . . . . . Self-Inflicted Damage 9 | . . . . . . . . 5 4 Shots . | . . . . . . . . . . Rammed 2 | . . . . . . . . 1 1 Targets Rammed 2 | . . . . . . . . 1 1 Kicked . | . . . . . . . . . . Crushed . | . . . . . . . . . . Highest Temperature 40 | . . . 40 36 1 17 . 7 . Average Temperature 19 | . . . 20 19 1 9 . 7 . Received Heat Transfer 523 | . . . 192 36 16 39 . 33 207 Siege Activations . | . . . . . . . . . . Robots Corrupted . | . . . . . . . . . . Combat Hostiles . | . . . . . . . . . . Parts Fried 3 | . . . . . . 3 . . . Impact Corruptions 3 | . . . . . . 3 . . . Robots Melted . | . . . . . . . . . . Combat Hostiles . | . . . . . . . . . . Parts Melted . | . . . . . . . . . . Heat Transferred 100 | . . . 100 . . . . . . Parts Sabotaged . | . . . . . . . . . . Parts Stolen . | . . . . . . . . . . Parts Stripped . | . . . . . . . . . . Power Chain Reactions . | . . . . . . . . . . Missiles Intercepted . | . . . . . . . . . . Alert | -11 -10 -10 -9 -8 -7 -6 -6 -6 -5 ------- Run | Scr Mat Min Mat Mat Fac Fac Low Low Fac Peak Influence 325 | . 15 5 325 111 44 106 . . 17 Average Influence 81 | . 13 5 146 90 27 60 . . 4 Maximum Alert Level 1 | . . . 1 . . . . . . Low Security (%) 88 | 100 100 100 75 100 100 100 . . 100 Level 1 11 | . . . 24 . . . . . . Level 2 . | . . . . . . . . . . Level 3 . | . . . . . . . . . . Level 4 . | . . . . . . . . . . Level 5 . | . . . . . . . . . . High Security . | . . . . . . . . . . Max Security . | . . . . . . . . . . Squads Dispatched 5 | . 1 . 1 1 1 . . . 1 Investigation 1 | . 1 . . . . . . . . Extermination . | . . . . . . . . . . Reinforcement 4 | . . . 1 1 1 . . . 1 Assault . | . . . . . . . . . . Garrison . | . . . . . . . . . . Intercept . | . . . . . . . . . . Construction Impeded . | . . . . . . . . . . Haulers Reinforced . | . . . . . . . . . . Stealth | -11 -10 -10 -9 -8 -7 -6 -6 -6 -5 --------- Run | Scr Mat Min Mat Mat Fac Fac Low Low Fac Distress Signals 4 | . . . 1 1 . 2 . . . Communications Jammed . | . . . . . . . . . . Distress Signals . | . . . . . . . . . . Times Spotted 72 | . . . 14 17 9 6 8 5 13 Peak Tracking Total 16 | . . . 4 16 5 5 4 3 9 Tactical Retreats 11 | . . . . 1 3 1 2 2 2 Traps | -11 -10 -10 -9 -8 -7 -6 -6 -6 -5 ------- Run | Scr Mat Min Mat Mat Fac Fac Low Low Fac Traps Triggered 2 | . 1 . . . 1 . . . . Indirectly . | . . . . . . . . . . Trap Hack Attempts . | . . . . . . . . . . Triggered . | . . . . . . . . . . Disarmed . | . . . . . . . . . . Reprogrammed . | . . . . . . . . . . Reused . | . . . . . . . . . . Traps Extracted . | . . . . . . . . . . Installed . | . . . . . . . . . . Triggered . | . . . . . . . . . . Machines | -11 -10 -10 -9 -8 -7 -6 -6 -6 -5 ---------- Run | Scr Mat Min Mat Mat Fac Fac Low Low Fac Machines Disabled . | . . . . . . . . . . Max in Single Turn . | . . . . . . . . . . Machines Sabotaged . | . . . . . . . . . . Garrisons Compromised . | . . . . . . . . . . Overloaded Fab Kills . | . . . . . . . . . . Fab Network Shutdowns . | . . . . . . . . . . Hacking | -11 -10 -10 -9 -8 -7 -6 -6 -6 -5 --------- Run | Scr Mat Min Mat Mat Fac Fac Low Low Fac Machines Accessed 9 | . 2 . 2 3 . 2 . . . Terminals 9 | . 2 . 2 3 . 2 . . . Fabricators . | . . . . . . . . . . Repair Stations . | . . . . . . . . . . Recycling Units . | . . . . . . . . . . Scanalyzers . | . . . . . . . . . . Garrison Access . | . . . . . . . . . . Total Hacks 19 | . 5 . 4 6 . 4 . . . Successful 11 | . 4 . 1 5 . 1 . . . Failed 8 | . 1 . 3 1 . 3 . . . Catastrophic 1 | . . . . . . 1 . . . Database Lockouts . | . . . . . . . . . . Manual 19 | . 5 . 4 6 . 4 . . . Terminals 19 | . 5 . 4 6 . 4 . . . Fabricators . | . . . . . . . . . . Repair Stations . | . . . . . . . . . . Recycling Units . | . . . . . . . . . . Scanalyzers . | . . . . . . . . . . Garrison Access . | . . . . . . . . . . Terminal Hacks 3 | . 1 . . 2 . . . . . Unreport Threat 1 | . . . . 1 . . . . . Locate Traps 1 | . 1 . . . . . . . . Recall Investigation 1 | . . . . 1 . . . . . Fabricator Hacks . | . . . . . . . . . . Repair Station Hacks . | . . . . . . . . . . Recycling Unit Hacks . | . . . . . . . . . . Scanalyzer . | . . . . . . . . . . Garrison Access Hacks . | . . . . . . . . . . Unauthorized Hacks 8 | . 3 . 1 3 . 1 . . . Terminals 8 | . 3 . 1 3 . 1 . . . Track 1 | . 1 . . . . . . . . Assimilate 1 | . . . . 1 . . . . . Botnet 6 | . 2 . 1 2 . 1 . . . Fabricators . | . . . . . . . . . . Repair Stations . | . . . . . . . . . . Recycling Units . | . . . . . . . . . . Scanalyzers . | . . . . . . . . . . Garrison Access . | . . . . . . . . . . Data Cores Recovered . | . . . . . . . . . . Used . | . . . . . . . . . . Hacking Detections 7 | . 1 . 2 2 . 2 . . . Full Trace Events . | . . . . . . . . . . Feedback Events . | . . . . . . . . . . Feedback Blocked . | . . . . . . . . . . Robot Schematics Acquired . | . . . . . . . . . . Robots Built . | . . . . . . . . . . Matter . | . . . . . . . . . . Time . | . . . . . . . . . . Total Robot Build Rating . | . . . . . . . . . . Part Schematics Acquired . | . . . . . . . . . . Parts Built . | . . . . . . . . . . Matter . | . . . . . . . . . . Time . | . . . . . . . . . . Total Part Build Rating . | . . . . . . . . . . Parts Repaired . | . . . . . . . . . . Time . | . . . . . . . . . . Parts Recycled . | . . . . . . . . . . Recycled Matter . | . . . . . . . . . . Retrieved Matter . | . . . . . . . . . . Retrieved Components . | . . . . . . . . . . Parts Scanalyzed . | . . . . . . . . . . Part Schematics Acquired . | . . . . . . . . . . Parts Damaged . | . . . . . . . . . . Bothacking | -11 -10 -10 -9 -8 -7 -6 -6 -6 -5 ------------ Run | Scr Mat Min Mat Mat Fac Fac Low Low Fac Used RIF Installer . | . . . . . . . . . . Robots Hacked . | . . . . . . . . . . Non-combat . | . . . . . . . . . . Combat . | . . . . . . . . . . Robot Hacks Applied . | . . . . . . . . . . Relay Couplers Released . | . . . . . . . . . . Robots Rewired . | . . . . . . . . . . Allies Hacked . | . . . . . . . . . . Hacks Repelled . | . . . . . . . . . . Allies | -11 -10 -10 -9 -8 -7 -6 -6 -6 -5 -------- Run | Scr Mat Min Mat Mat Fac Fac Low Low Fac Total Allies 1 | . . . . 1 . . . . . Largest Group 1 | . . . . 1 . . . . . Highest-Rated Group 10 | . . . . 10 . . . . . Highest-Rated Ally 10 | . . . . 10 . . . . . Total Orders . | . . . . . . . . . . Ally Attacks . | . . . . . . . . . . Total Damage . | . . . . . . . . . . Kills . | . . . . . . . . . . Allies Corrupted . | . . . . . . . . . . Allies Melted . | . . . . . . . . . . Intel | -11 -10 -10 -9 -8 -7 -6 -6 -6 -5 ------- Run | Scr Mat Min Mat Mat Fac Fac Low Low Fac Robot Analysis Total . | . . . . . . . . . . Derelict Logs Recovered 3 | . . 1 . . . . 2 . . Drone Launches . | . . . . . . . . . . Drone Recoveries . | . . . . . . . . . . Exploration | -11 -10 -10 -9 -8 -7 -6 -6 -6 -5 ------------- Run | Scr Mat Min Mat Mat Fac Fac Low Low Fac Turns Passed 1652 | 67 89 139 686 57 130 157 91 78 158 Spaces Moved 2237 | 61 109 156 398 152 281 331 267 176 306 Core 229 | 8 . . . . . . . 97 124 Treads 155 | 10 . . 145 . . . . . . Legs . | . . . . . . . . . . Wheels 561 | 43 109 156 253 . . . . . . Hover 168 | . . . . . . . . . 168 Flight 1124 | . . . . 152 281 331 267 79 14 Fastest Speed 28 | 50 80 80 80 31 31 28 34 34 40 Average Speed 57 | 89 80 83 116 31 31 30 34 43 46 Slowest Speed 180 | 160 80 90 180 31 31 114 34 120 150 Overloaded Moves . | . . . . . . . . . . Propulsion Burnouts . | . . . . . . . . . . Robots Hopped 5 | . . . . . . 1 . 4 . Cave-ins Triggered . | . . . . . . . . . . Exploration Rate (%) 24 | 3 28 46 43 25 12 14 46 24 8 Regions Visited 9 Branch Regions 3 Pre-discovered Areas . | . . . . . . . . . . Known Exits Taken 4 | . . . . 1 1 1 1 . . Unknown Exits Taken 5 | 1 1 1 1 . . . . 1 . Scrap Searched 11 | . . 1 . . . . 8 2 . Spaces Dug 17 | . . . 1 . 3 11 . . 2 Terrain Destroyed 17 | . . . 1 . 3 11 . . 2 Melee 17 | . . . 1 . 3 11 . . 2 Projectile . | . . . . . . . . . . AOE . | . . . . . . . . . . Actions | -11 -10 -10 -9 -8 -7 -6 -6 -6 -5 --------- Run | Scr Mat Min Mat Mat Fac Fac Low Low Fac Total 2490 | 70 110 164 552 162 320 357 266 173 316 Wait 105 | . . 8 92 . . 5 . . . Move 2219 | 60 108 155 397 151 280 328 266 168 306 Hop 5 | . . . . . . 1 . 4 . Pick Up 18 | 4 . . 11 1 1 1 . . . Fast Attach 20 | 6 1 1 2 . 3 1 . 1 5 Attach 16 | . . . 2 6 6 . . . 2 Detach 12 | . 1 . . 3 7 1 . . . Swap 4 | . . . 2 1 . 1 . . . Drop 14 | . . . 7 . 2 5 . . . Fire 36 | . . . 36 . . . . . . Melee 22 | . . . 3 . 3 14 . . 2 Ram 1 | . . . . . . . . . 1 Kick . | . . . . . . . . . . Crush . | . . . . . . . . . . Escape Stasis 18 | . . . . . 18 . . . . Rewire . | . . . . . . . . . . Trap . | . . . . . . . . . . Miscellaneous . | . . . . . . . . . . Route ------- -11/Scrapyard -10/Materials -10/Mines -9/Materials (discovered 2 exits: *Mat / [*Min]) -8/Materials (discovered 2 exits: *Fac / *Sto) -7/Factory -6/Factory -6/Lower Caves -6/Lower Caves -5/Factory History --------- Turn | Location | Event 29 | -11/Scrapyard | Discovered new exit (range 16) 68 | -11/Scrapyard | Entered Materials 127 | -10/Materials | Discovered new exit (range 16) 157 | -10/Materials | Entered Mines 205 | -10/Mines | Learned Materials terminal intel 272 | -10/Mines | Discovered new exit (range 12) 296 | -10/Mines | Entered Materials 296 | -9/Materials | Evolved 2 slots: Propulsion x1, Utility x1 297 | -9/Materials | Loaded intel: 12 terminal locations 317 | -9/Materials | Build established: Mutant 427 | -9/Materials | Discovered new exit (range 7) 958 | -9/Materials | Discovered new exit (range 9) 982 | -9/Materials | Entered another Materials area 982 | -8/Materials | Evolved 2 slots: Power x1, Propulsion x1 1014 | -8/Materials | Discovered new exit (range 16) 1018 | -8/Materials | Identified exit to Storage 1034 | -8/Materials | Discovered new exit (range 12) 1039 | -8/Materials | Identified exit to Factory 1039 | -8/Materials | Entered Factory 1039 | -7/Factory | Evolved 2 slots: Propulsion x1, Utility x1 1160 | -7/Factory | Discovered new exit (range 15) 1169 | -7/Factory | Identified exit to Factory 1169 | -7/Factory | Entered another Factory area 1169 | -6/Factory | Evolved 2 slots: Propulsion x1, Utility x1 1286 | -6/Factory | Build established: Sprinter 1318 | -6/Factory | Discovered new exit (range 4) 1325 | -6/Factory | Identified exit to Lower Caves 1326 | -6/Factory | Entered Lower Caves 1347 | -6/Lower Caves | Learned Factory stockpile data 1413 | -6/Lower Caves | Learned Factory terminal intel 1414 | -6/Lower Caves | Discovered new exit (range 9) 1416 | -6/Lower Caves | Identified exit to Lower Caves 1417 | -6/Lower Caves | Entered another Lower Caves area 1436 | -6/Lower Caves | Attracted the attention of an 0b10 checkpoint 1447 | -6/Lower Caves | Released all parts (3) 1476 | -6/Lower Caves | Lost 3 parts (1p2n) 1489 | -6/Lower Caves | Discovered new exit (range 11) 1495 | -6/Lower Caves | Entered Factory 1495 | -5/Factory | Evolved 2 slots: Utility x2 1497 | -5/Factory | Loaded intel: 22 terminal locations 1625 | -5/Factory | Build established: Mutant 1634 | -5/Factory | Core integrity fell below 50% 1646 | -5/Factory | Lost 7 parts (1p4n1u1w) 1646 | -5/Factory | Core integrity fell below 20% 1653 | -5/Factory | Destroyed by G-50 Soldier with Heavy Laser Last Messages --------------- 01581_ Acquired Antigrav System. 01587_ U-05 Engineer lays Concrete. 01588_ Broken Linear Gravjet destroyed. 01589_ S-27 Virus destroyed. 01590_ Antigrav System destroyed. 01591_ Nuclear Core destroyed. 01596_ U-05 Engineer builds a Wall. 01600_ Acquired Nuclear Pulse Thruster. 01604_ Acquired Imp. Thermal Converter. 01604_ Slug penetrates Wall. 01604_ U-05 Engineer builds a Wall. 01606_ Slug penetrates Wall. 01608_ Nuclear Pulse Thruster destroyed. 01609_ Imp. Thermal Converter destroyed. 01612_ Hvy. Hammer destroyed. 01615_ Antigrav System destroyed. 01616_ Slug penetrates Wall. 01619_ Penetrated by Slug. 01633_ Slug penetrates Wall. 01635_ Penetrated by Slug. Map ----- +----------------------------------------------------+ | +###??# + | | #######+############ ##########+########### | | ## #????# #????????# ## | | + #????# #????????# !## | | ## " " " " " #????# #????????# """" ## | | ## " " " " " #????# ####?????# """" ## | | ####! " " " " " #????# ########## """" ## | | #??# " " " " " #????# # # """" # | | #??# " " " " " #????# # |# """" ## | | #??#| " " " " " #????# # # """" #? | | #??# " " " " " #????# #% ! # #? | | #??# " " " " " #????# + # #? | | #??# " " " " " #????# ggg# ! [# "" ! =#? | | #??# #????# # # "G !! #? | | #??#####+########????# # # "" !! #? | | #??????# #???"""""???# # # *#? | | #??????# #???""T""???# #####################? | | ######## #?? # # #???????? | | #?????? """ + + #???????? | | ######### #???????""" # # #???????? | | ? # #???????"???#o # #???????? | | ?"" """ # #???????????# #? #???????? | | """ """ # #???????????# #?############???????? | | """ """ # ############# #????????????????????? | | # #????????????????????? | | """ """ # @ R#????????????????????? | | """ """ + #????????????????????? | | """ """ # #????????????????????? | | # #????????????????????? | | """ """ #####+######### #????????????????????? | | """ """ ## # #??####??????????????? | | """ """ ## """ """ # ?????????????? | | ## """ """ + ?????????????? | | ##+###+### """ """ # ????????????? | | ?# #?# #?# # ????????????? | | ?# #?# #?# """ """ + ????????????? | | ?# #?# ### """ """ ### ######?????????????????? | | ?# #?# + """ """ #?? #??????????????????????? | | ?# #?##### #?? #??????????????????????? | | ?# #?????# #?? ???????????????????????? | | ?# #?????# #??+???????????????????????? | | ?# #?????# ] #??????????????????????????? | | ?? ??????##############??????????????????????????? | | ?? ??????????????????????????????????????????????? | | ?? ??????????????????????????????????????????????? | | ?? ??????????????[???????????????????????????????? | | ?? ??????????????????????????????????????????????? | | ??#??????????????????????????????????????????????? | | ?????????????????????????????????????????????????? | | ?????????????????????????????????????????????????? | +----------------------------------------------------+ Best States ------------- Heat Dissipation 40 Energy Generation 29 Energy Capacity 430 Matter Stores 300 Matter Capacity 300 Sight Range 16 Terrain Scan Density 10 Evasion (%) 64 Recoil Reduction 2 Item Schematics ----------------- None Robot Schematics ------------------ None Fabricated ------------ Nothing Alien Tech Used ----------------- None Achievements -------------- None Challenges ------------ None Game ------ Seed WaveAdvancedEngine Manual? 0 Play Time 00:36:42 Cumulative 28.2 hours Start 2020.09.07 @ 14:38:42 End 2020.09.07 @ 15:13:17 Sessions 1 Manual Loads 0 Difficulty Rogue Special Mode None Game No. 60 Rogue 60 Adventurer 0 Explorer 0 Win Type - Total 0 Types 0/0/0/0/0/0/0 Lore% 30 Gallery% 33 Achievement% 26 Wizard Run 0 Options --------- ASCII 0 Keyboard 1 Movement Vi Keybinds 0 Fullscreen 1 Font 18/SmallcapsGlow Map View 76x50 Tactical HUD 1 Map Filters NONE Filters NONE Steam 1 RUN: 83f4e4b1-64f9-4013-bab7-e9c6cd32844c